 Dungeon Crawl Stone Soup version 0.28.0-53-g5a82cb258f (webtiles) character file.

Game seed: 2774427907970212992

426 bnorton916 the Magician (level 6, -3/32 HPs)
             Began as a Deep Elf Fire Elementalist on July 9, 2022.
             Slain by a centaur warrior zombie (8 damage)
             ... on level 6 of the Dungeon.
             The game lasted 00:04:17 (4967 turns).

bnorton916 the Magician (DEFE)                      Turns: 4967, Time: 00:04:18

Health: -3/32      AC:  5    Str: 11    XL:     6   Next: 64%
Magic:  8/17       EV: 16    Int: 22    God:
Gold:   168        SH:  0    Dex: 15    Spells: 11/17 levels left

rFire   . . .      SeeInvis .   e - +1 dagger (venom)
rCold   . . .      Faith    .   (no shield)
rNeg    . . .      Spirit   .   a - +0 robe
rPois   .          Reflect  .   s - +0 helmet
rElec   .          Harm     .   (no cloak)
rCorr   .          Rampage  .   v - +1 pair of gloves
Will    .....                   (no boots)
Stlth   ++........              (no amulet)
HPRegen 0.10/turn               k - +6 ring of strength
MPRegen 0.15/turn               t - +4 ring of evasion

@: no status effects
A: no striking features
a: no special abilities


You were on level 6 of the Dungeon.
You visited 1 branch of the dungeon, and saw 4 of its levels.

You collected 168 gold pieces.

Inventory:

Hand Weapons
 e - a +1 dagger of venom (weapon)
 n - a +1 vorpal mace
 u - a +0 dagger of freezing
Missiles
 d - 88 stones
 m - a boomerang
 q - 4 javelins
Armour
 a - a +0 robe (worn)
 l - a +2 kite shield
 s - a +0 helmet (worn)
 v - a +1 pair of gloves (worn)
Jewellery
 k - a +6 ring of strength (left hand)
 t - a +4 ring of evasion (right hand)
Wands
 p - a wand of iceblast (10)
Scrolls
 b - 3 scrolls of teleportation {unknown}
 f - 4 scrolls of identify {unknown}
 g - a scroll of blinking {unknown}
 j - a scroll of silence {unknown}
 o - a scroll of fog {unknown}
Potions
 c - 2 potions of heal wounds {unknown}
 h - 2 potions of curing {unknown}
 i - 2 potions of brilliance {unknown}
 r - a potion of cancellation {unknown}


   Skills:
 - Level 2.4 Dodging
 - Level 2.4 Stealth
 + Level 6.0 Spellcasting
 + Level 4.3 Conjurations
 + Level 5.5 Fire Magic


You had 11 spell levels left.
You knew the following spells:

 Your Spells              Type           Power      Damage    Failure   Level
a - Foxfire               Conj/Fire      100%       2x1d9     1%          1
b - Scorch                Fire           60%        2d8       1%          2
c - Conjure Flame         Conj/Fire      28%        6-21      3%          3

Your spell library contained the following spells:

 Spells                   Type           Power      Damage    Failure   Level
 Inner Flame              Hex/Fire       18%        N/A       9%          3
 Flame Wave               Conj/Fire      28%        2d8       12%         4
 Gell's Gravitas          Tloc           6%         N/A       26%         3
 Lesser Beckoning         Tloc           6%         N/A       26%         3
 Teleport Other           Tloc           6%         N/A       26%         3


Dungeon Overview and Level Annotations

Branches:
Dungeon (3/15)

Altars:


Message History

The centaur warrior zombie is moderately damaged.
Casting: Foxfire (safe; 1% risk of failure)
Confirm with . or Enter, or press ? or * to list all spells.
Flames lash the centaur warrior zombie.
The centaur warrior zombie is moderately damaged.
The centaur warrior zombie's fire resistance burns away.
The centaur warrior zombie hits you. The centaur warrior zombie kicks you.
The centaur warrior zombie misses you. The centaur warrior zombie kicks you.
The centaur warrior zombie hits you.
The centaur warrior zombie kicks you but does no damage.
Your magical contamination has completely faded away.
Casting: Scorch (safe; 1% risk of failure)
Confirm with . or Enter, or press ? or * to list all spells.
Flames lash the centaur warrior zombie.
The centaur warrior zombie is burned terribly!
The centaur warrior zombie is heavily damaged.
The centaur warrior zombie hits you.
The centaur warrior zombie kicks you but does no damage.
The centaur warrior zombie hits you but does no damage.
The centaur warrior zombie kicks you.
Casting: Scorch (safe; 1% risk of failure)
Confirm with . or Enter, or press ? or * to list all spells.
Flames lash the centaur warrior zombie.
The centaur warrior zombie is burned terribly!
The centaur warrior zombie is heavily damaged.
The centaur warrior zombie hits you!
* * * LOW HITPOINT WARNING * * *
The centaur warrior zombie kicks you but does no damage.
The centaur warrior zombie barely misses you.
The centaur warrior zombie kicks you but does no damage.
The centaur warrior zombie barely misses you. x2
Casting: Scorch (safe; 1% risk of failure)
Confirm with . or Enter, or press ? or * to list all spells.
Flames lash the centaur warrior zombie.
The centaur warrior zombie is burned terribly!
The centaur warrior zombie is severely damaged.
The centaur warrior zombie closely misses you.
The centaur warrior zombie misses you. The centaur warrior zombie hits you!
You die...

#####§§##.....†...........###.##
#..§v§.#######.........#......##
#.##...................+........
#.##...#######.........#...##.##
#.##...#################....#.#.
#.##........... .# #..#.#.#.
##.################.#####......#.
.........................#......§
################@Z..#### ##..##.#
###.#### #...... #..)..# ......##
##.#### ........)
#...###.........###
##.......#.##.... #.O####.# ####
#.....# #.###.#


You could see a centaur warrior zombie (combustible).

Vanquished Creatures
  A sky beast (D:6)
  An ogre (D:6)
  A wyvern skeleton (D:6)
  An orc priest (D:2)
  A bullfrog zombie (D:6)
  Jessica (D:3)
  3 adders
  An adder skeleton (D:2)
  A worm (D:3)
  5 orcs
  4 endoplasms
  4 giant cockroaches
  5 goblins
  7 hobgoblins
  5 quokkas
  A ball python (D:1)
  11 bats
  6 frilled lizards
  4 kobolds
  4 rats
67 creatures vanquished.

Vanquished Creatures (collateral kills)
  4 foxfires (D:3)
4 creatures vanquished.

Vanquished Creatures (others)
  273 foxfires
273 creatures vanquished.

Grand Total: 344 creatures vanquished

Notes
Turn   | Place    | Note
-------+----------+-------------------------------------------
     0 | D:1      | bnorton916 the Deep Elf Fire Elementalist began the quest
                  | for the Orb.
     0 | D:1      | Reached XP level 1. HP: 10/10 MP: 6/6
   390 | D:1      | Reached XP level 2. HP: 15/15 MP: 6/8
   580 | D:1      | Found a faded altar of an unknown god.
  1658 | D:2      | Reached XP level 3. HP: 19/19 MP: 6/10
  1947 | D:2      | Learned a level 2 spell: Scorch
  1951 | D:2      | Learned a level 3 spell: Conjure Flame
  2893 | D:2      | Reached skill level 4 in Spellcasting
  2893 | D:2      | Reached XP level 4. HP: 3/24 MP: 3/12
  3916 | D:3      | Noticed Jessica
  3923 | D:3      | Killed Jessica
  3959 | D:3      | Reached XP level 5. HP: 28/28 MP: 11/14
  4051 | D:3      | You fall into a shaft and drop 3 floors!
  4209 | D:6      | Reached skill level 5 in Spellcasting
  4444 | D:6      | Noticed a sky beast
  4457 | D:6      | Killed a sky beast
  4458 | D:6      | Reached skill level 5 in Fire Magic
  4458 | D:6      | Reached XP level 6. HP: 32/32 MP: 7/16
  4735 | D:6      | Reached skill level 6 in Spellcasting
  4967 | D:6      | Slain by a centaur warrior zombie

Illustrated notes

Levels and vault maps discovered:
D:1:      minmay_arrival_stair_chambers, layout_loops_ring,
          shapermc_ecumenical_altar_totnotflames, minmay_tall_x
D:2:      layout_basic
D:3:      layout_loops_ring, serial_bayou_pond_e,
          minmay_fractal_squares_diagonal_5, uniq_jessica
D:6:      layout_basic

Skill      XL: |  1  2  3  4  5  6 |
---------------+-------------------+-----
Conjurations   | 2 3 4 |  4.3
Fire Magic     | 4 5 |  5.5
Spellcasting   | 4 5 6 |  6.0
Dodging        | |  2.4
Stealth        | |  2.4

Action                   |  1- 3 |  4- 6 || total
-------------------------+-------+-------++-------
Melee: Dagger            |     1 |     1 ||     2
 Cast: Foxfire           |   105 |    68 ||   173
       Scorch            |     2 |    13 ||    15
       Conjure Flame     |       |     1 ||     1
Armor: Robe              |     1 |    12 ||    13
Dodge: Dodged            |    12 |    24 ||    36
